 Dungeon Crawl Stone Soup version 0.28.0-43-g3370ac3207 (webtiles) character file.

Game seed: 12617060828045863903

8544 CrazyMind the Carver (level 11, -6/79 HPs)
             Began as a Djinni Gladiator on Mar 6, 2022.
             Was an Initiate of Gozag.
             Mangled by a boulder beetle (51 damage)
             ... on level 8 of the Dungeon.
             The game lasted 01:07:32 (15724 turns).

CrazyMind the Carver (Djinni Gladiator)            Turns: 15724, Time: 01:07:33

Health: -6/79      AC: 16    Str: 20    XL:     11   Next: 57%
Gold:   568        EV: 12    Int: 11    God:    Gozag SH:  5 Dex: 14

rFire   + + .      SeeInvis .   l - +4 dagger (venom)
rCold   . . .      Faith    .   r - +1 buckler {rPois}
rNeg    . . .      Spirit   .   E - +2 scale mail {rC+}
rPois   ∞          Reflect  .   A - +4 helmet of a ziggurat {Str+3}
rElec   .          Harm     .   z - +0 cloak
rCorr   .          Rampage  .   (no gloves)
Will    +....                   (boots unavailable)
Stlth   +.........              p - amulet of the acrobat
HPRegen 0.23/turn               (no ring)
MPRegen 0.00/turn               (no ring)

@: flying
A: sickness immunity, fire resistance 2, cold vulnerability 1, float, innate
caster, HP casting, extra vitality 1
a: Renounce Religion, Potion Petition, Call Merchant, Bribe Branch


You were on level 8 of the Dungeon.
You worshipped Gozag.
Gozag was pleased with you.
You visited 2 branches of the dungeon, and saw 9 of its levels.
You also visited: Ossuary and Bailey.

You collected 1372 gold pieces.
You spent 400 gold pieces at shops.
You paid 404 gold pieces to Gozag.

Inventory:

Hand Weapons
 a - a +0 long sword
 l - a +4 dagger of venom (weapon)
Missiles
 d - a throwing net
 h - 5 boomerangs (quivered)
 m - 291 stones
 y - 21 poisoned darts
Armour
 r - a +1 buckler of poison resistance (worn)
 z - a +0 cloak (worn)
 A - the +4 helmet of a ziggurat (worn) {Str+3}
   (You bought it in a shop on level 2 of the Dungeon)

   Str:       It affects your strength (+3).
 E - a +2 scale mail of cold resistance (worn)
 G - a +1 leather armour of positive energy
Jewellery
 p - an amulet of the acrobat (around neck)
Wands
 k - a wand of flame (18)
 s - a wand of iceblast (12)
 u - a wand of mindburst (19)
Scrolls
 c - a scroll of magic mapping
 g - a scroll of teleportation
 o - 2 scrolls of silence {unknown}
 t - a scroll of noise {unknown}
 v - a scroll of brand weapon {unknown}
 w - 2 scrolls of fog
 B - a scroll of enchant weapon {unknown}
 C - a scroll of amnesia {unknown}
 F - a scroll of identify
Potions
 b - 6 potions of curing
 e - a potion of lignification
 f - a potion of berserk rage {unknown}
 j - 3 potions of attraction
 q - a potion of haste {unknown}
 x - a potion of might {unknown}
 D - a potion of mutation {unknown}
Miscellaneous
 i - a lightning rod (inert)


   Skills:
 + Level 7.2 Fighting
 + Level 10.2 Long Blades
 + Level 4.4 Throwing
 + Level 8.2 Armour
 + Level 6.4 Dodging
 + Level 2.4 Stealth
 * Level 1.9 Shields
 + Level 1.8 Evocations


You couldn't memorise any spells.
You knew the following spells:

 Your Spells              Type           Power      Damage    Failure   Level
a - Shock                 Conj/Air       0%         1d3       75%         1
b - Searing Ray           Conj           0%         2d4       87%         2
c - Inner Flame           Hex/Fire       0%         N/A       98%         3
d - Summon Ice Beast      Ice/Summ       0%         N/A       100%        4
e - Cause Fear            Hex            0%         N/A       100%        4
Your spell library was empty.


Dungeon Overview and Level Annotations

Branches:
Dungeon (8/15)             Temple (1/1) D:5            Lair (0/6) D:8
Ossuary (visited)          Bailey (visited)

Altars:
Ashenzari
Cheibriados
Dithmenos
Elyvilon
Fedhas
Gozag
Hepliaklqana
Kikubaaqudgha
Makhleb
Nemelex Xobeh
Okawaru
Qazlal
Ru
Sif Muna
Trog
Uskayaw
Vehumet
Wu Jian
Xom
Yredelemnul
Zin
The Shining One

Shops:
D:2 [   D:3 [


Innate Abilities, Weirdness & Mutations

You are immune to sickness and miasma.
You are immune to poison.
Your flesh is very heat resistant. (rF++)
You are vulnerable to cold. (rC-)
You float through the air rather than walking.
You learn spells naturally, not from books.
Your magical power is your life essence.
You have superior vitality. (+4 MHP)


Message History

The purple ugly thing pecks you.
You slash the purple ugly thing!
The purple ugly thing is severely wounded.
The purple ugly thing closely misses you.
You barely miss the purple ugly thing.
The purple ugly thing is severely wounded.
The purple ugly thing pecks you but does no damage.
You slash the purple ugly thing!
The purple ugly thing is severely wounded.
The purple ugly thing barely misses you.
You completely miss the purple ugly thing.
The purple ugly thing is severely wounded.
The purple ugly thing pecks you but does no damage.
You slash the purple ugly thing!
The purple ugly thing is almost dead.
The purple ugly thing pecks you.
You barely miss the purple ugly thing.
The purple ugly thing is almost dead.
You slash the purple ugly thing!
You kill the purple ugly thing!
You start resting.
A boulder beetle comes into view.
The boulder beetle curls into a ball and begins rolling!
Press: ? - help, v - describe, . - travel
Here: a boulder beetle (rolling)
The floor.
Unknown command.
Okay, then.
Press: ? - help, v - describe, . - travel
Here: a boulder beetle (rolling)
The floor.
Blink to where?
Press: ? - help, Dir - move target
As you read the scroll of blinking, it crumbles to dust.
Your +4 dagger of venom begins to drip with poison!
l - a +4 dagger of venom (weapon)
The boulder beetle hits you!!!
Ouch! That really hurt!
You die...
Your body crumbles into a pile of gold.

#<##.##.##.#.................
#.##.##.##.#.............##..
#.##.....#.#........e....##..
#.##.##..#.#.$......e........
#.##.##..#.#.#.........#....#
#......°°.○°.#,.....,,,#.....
####.......#°#,,....,,,#.....
#########B#,,,...,,,#.....
######## #@#,,,,..,,,#)....
#......# #.######.,,,######
#.####.# #........,,....e..
#.####.###.......#**##....#
#.#.##<........#.# ##.##*
#......###.###.#.####*#,**
#.#.##.# #.##........,,,,*
#.#.##.# #.#....>#******,*
#.#.##.# #.......# *,*


You could see a boulder beetle (rolling).

Vanquished Creatures
  A tengu warrior (D:8)
  An orc knight (Bailey)
  A deep elf zephyrmancer (Bailey)
  A deep elf pyromancer (D:8)
  An ugly thing (D:8)
  A centaur zombie (D:7)
  Sigmund (D:6)
  A vampire (D:8)
  12 yaks
  A steam dragon (D:6)
  Edmund (D:6)
  An acid dragon (D:6)
  Duvessa (D:7)
  8 orc warriors
  An ice beast (D:6)
  4 black bears
  2 necrophages
  3 ogres
  4 centaurs
  2 kobold brigands
  A bullfrog (D:7)
  A scorpion (D:4)
  A water moccasin zombie (D:5)
  Dowan (D:7)
  5 killer bees (D:6)
  3 hounds
  A bullfrog skeleton (D:6)
  2 jellies
  2 orc priests
  3 centaur skeletons
  2 gnoll shamans
  Ijyb (D:3)
  2 iguanas (D:6)
  14 mummies
  Robin (D:2)
  7 gnolls
  7 adders
  A white imp (D:8)
  3 worms (D:2)
  2 dart slugs
  27 orcs
  2 bats
  5 endoplasms
  3 giant cockroaches
  23 goblins
  18 hobgoblins
  9 jackals
  A quokka (D:1)
  7 ball pythons
  4 frilled lizards
  A gnoll skeleton (Ossuary)
  4 goblin skeletons (Ossuary)
  13 kobolds
  A kobold skeleton (Ossuary)
  2 orc skeletons (Ossuary)
  11 rat skeletons (Ossuary)
239 creatures vanquished.

Vanquished Creatures (others)
  An orc (D:3)
  A plant (D:1)
2 creatures vanquished.

Grand Total: 241 creatures vanquished

Notes
Turn   | Place    | Note
-------+----------+-------------------------------------------
     0 | D:1      | CrazyMind the Djinni Gladiator began the quest for the Orb.
     0 | D:1      | Reached XP level 1. HP: 18/18 MP: 0/0
   173 | D:1      | Found a faded altar of an unknown god.
   310 | D:1      | Reached XP level 2. HP: 22/23 MP: 0/0
   607 | D:1      | Reached skill level 3 in Long Blades
   767 | D:1      | Reached XP level 3. HP: 28/28 MP: 0/0
   767 | D:1      | Learned a level 1 spell: Shock
  1107 | D:2      | Found Weicidud's Antique Armour Shoppe.
  1561 | D:2      | Reached XP level 4. HP: 33/33 MP: 0/0
  2157 | D:3      | Noticed Robin
  2726 | D:2      | Reached skill level 4 in Long Blades
  2746 | D:2      | Reached skill level 1 in Armour
  2885 | D:2      | Killed Robin
  2886 | D:2      | Reached XP level 5. HP: 39/39 MP: 0/0
  2886 | D:2      | Learned a level 2 spell: Searing Ray
  2995 | D:3      | Noticed Ijyb
  3495 | D:3      | Killed Ijyb
  3496 | D:3      | Reached XP level 6. HP: 29/45 MP: 0/0
  3805 | D:3      | Found Ypta's Antique Armour Shoppe.
  4142 | D:4      | Found a sand-covered staircase.
  4156 | Ossuary  | Entered an ossuary
  4851 | Ossuary  | Reached skill level 5 in Long Blades
  5014 | Ossuary  | Reached XP level 7. HP: 23/49 MP: 0/0
  5014 | Ossuary  | Learned a level 3 spell: Inner Flame
  6137 | D:4      | Reached skill level 6 in Long Blades
  6494 | D:4      | Reached XP level 8. HP: 52/56 MP: 0/0
  6635 | D:2      | Bought a crude helmet for 161 gold pieces
  6635 | D:2      | Identified the +4 helmet of a ziggurat {Str+3} (You bought
                  | it in a shop on level 2 of the Dungeon)
  6771 | D:5      | Entered Level 5 of the Dungeon
  6929 | D:5      | Found a staircase to the Ecumenical Temple.
  6961 | Temple   | Entered the Ecumenical Temple
  7549 | Temple   | Became a worshipper of Gozag Ym Sagoz the Greedy
  7805 | D:5      | Reached skill level 5 in Dodging
  8038 | D:5      | Noticed a yak
  8039 | D:5      | Noticed a yak
  8447 | D:5      | Noticed a yak
  8569 | D:5      | Noticed a yak
  8570 | D:5      | Noticed a yak
  8589 | D:6      | Noticed Edmund
  8609 | D:6      | Killed Edmund
  8903 | D:6      | Reached skill level 7 in Long Blades
  8903 | D:6      | Reached XP level 9. HP: 53/62 MP: 0/0
  8903 | D:6      | Learned a level 4 spell: Summon Ice Beast
  9059 | D:6      | Noticed Sigmund
  9590 | D:6      | Found a hazy altar of Hepliaklqana.
  9954 | D:6      | Reached skill level 5 in Armour
 10473 | D:6      | Killed Sigmund
 10662 | D:6      | Reached skill level 8 in Long Blades
 11115 | D:5      | Reached skill level 5 in Fighting
 11115 | D:5      | Reached XP level 10. HP: 56/70 MP: 0/0
 11133 | D:5      | Reached skill level 1 in Evocations
 11155 | D:5      | Reached skill level 1 in Stealth
 11580 | D:2      | Bought a shiny chain mail for 127 gold pieces
 11866 | D:7      | Noticed Dowan
 11974 | D:7      | Reached skill level 9 in Long Blades
 12061 | D:7      | Noticed Duvessa
 12082 | D:7      | Killed Duvessa
 12240 | D:3      | Bought a translucent leather armour for 112 gold pieces
 12240 | D:3      | Identified the +3 leather armour "Quteso" {Fly Int-4 Dex+8}
                  | (You bought it in a shop on level 3 of the Dungeon)
 12375 | D:7      | Killed Dowan
 13256 | D:8      | Found a flagged portal.
 13279 | Bailey   | Entered a bailey
 13351 | Bailey   | Reached XP level 11. HP: 64/78 MP: 0/0
 13351 | Bailey   | Learned a level 4 spell: Cause Fear
 13880 | Bailey   | Found a large runed translucent door.
 13880 | Bailey   | Found a large runed translucent door.
 13883 | Bailey   | Noticed a deep elf zephyrmancer
 13883 | Bailey   | Noticed an orc knight
 13935 | Bailey   | Killed an orc knight
 14098 | Bailey   | Reached skill level 10 in Long Blades
 14543 | Bailey   | Killed a deep elf zephyrmancer
 14855 | D:8      | Noticed a tengu warrior
 14863 | D:8      | Killed a tengu warrior
 14864 | D:8      | Reached skill level 1 in Shields
 15434 | D:8      | Noticed a deep elf pyromancer
 15484 | D:8      | Found a staircase to the Lair.
 15573 | D:8      | Killed a deep elf pyromancer
 15680 | D:8      | Noticed a purple ugly thing
 15693 | D:8      | Killed a purple ugly thing
 15710 | D:8      | Noticed a boulder beetle
 15724 | D:8      | Mangled by a boulder beetle

Illustrated notes

Levels and vault maps discovered:
D:1:      dpeg_chamrin_arrival_tetris, layout_basic,
          shapermc_ecumenical_altar_acropolis, serial_bayou,
          serial_bayou_pond_c, serial_bayou_lagoon_a, serial_bayou_lake_a,
          serial_bayou_lagoon_b, serial_bayou_ford_a
D:2:      layout_loops_ring, serial_shops, nicolae_shop_waterfront
D:3:      layout_basic, serial_shops, nicolae_shop_stone, uniq_ijyb, uniq_robin
D:4:      cheibrodos_greedy_goblins, layout_cave_pools,
          gup_ossuary_entry_pyramid, hex_large, minmay_misc_feat_encased
D:5:      layout_rooms, minmay_temple_entry_waves
D:6:      minmay_diamond_boxcup, layout_cave_pods, mainiacjoe_overflow_catwalk,
          serial_column_ruins, column_ruins_square_medium, column_ruins_grid_2,
          column_ruins_columns_straight, column_ruins_columns_corner,
          column_ruins_open_small, sigmund_army, uniq_edmund
D:7:      layout_rooms, uniq_duvessa
D:8:      minmay_cut_squares, layout_loops_corners, lair_entry_dummy,
          enter_bailey_6, hangedman_abyss_or_decor_stagger
Temple:   mainiacjoe_temple_starburst

Skill      XL: |  1  2  3  4  5  6  7  8  9 10 11 |
---------------+----------------------------------+-----
Long Blades    | 3 4 5 6 7 8 9 10 | 10.2
Armour         | 1 2 3 4 5 7 8 |  8.2
Dodging        | 4 5 6 |  6.4
Throwing       | 2 3 4 |  4.4
Fighting       | 3 5 6 7 |  7.2
Evocations     | 1 |  1.8
Stealth        | 1 2 |  2.4
Shields        | 1 |  1.9

Action                   |  1- 3 |  4- 6 |  7- 9 | 10-12 || total
-------------------------+-------+-------+-------+-------++-------
Melee: Long sword        |    84 |   254 |   379 |   421 ||  1138
       Punch             |     4 |     5 |     6 |     9 ||    24
       Unarmed           |       |     6 |       |       ||     6
       Dagger            |       |       |       |    16 ||    16
Throw: Boomerang         |     6 |       |     9 |     5 ||    20
       Stone             |       |    17 |    44 |    34 ||    95
       Dart              |       |       |    27 |    16 ||    43
       Throwing net      |       |       |     2 |       ||     2
Invok: Potion Petition   |       |       |       |     1 ||     1
Evoke: Wand              |       |       |     7 |    10 ||    17
       Lightning rod     |       |       |       |     4 ||     4
  Use: Scroll            |       |     5 |     4 |     5 ||    14
       Potion            |       |       |     2 |     4 ||     6
 Stab: Distracted        |       |       |       |     2 ||     2
       Invisible         |       |       |       |     6 ||     6
Armor: Leather armour    |     6 |       |       |       ||     6
       Scale mail        |    34 |   115 |   167 |    41 ||   357
       Skin              |       |       |     2 |       ||     2
       Chain mail        |       |       |       |   208 ||   208
Dodge: Dodged            |    40 |   138 |   216 |   249 ||   643
Block: Buckler           |       |       |       |     6 ||     6
